 Dungeon Crawl Stone Soup version 0.30-a0-587-gfd7c166f36 (webtiles) character file.

Game seed: 8867657704973407540

16774 Bnni the Carver (level 12, -26/94 HPs)
             Began as a Formicid Hexslinger on Jan 4, 2023.
             Was a High Priest of Okawaru.
             Killed by an exploding orc knight (57 damage)
             ... ignited by their inner flame
             ... on level 11 of the Dungeon.
             The game lasted 00:26:41 (10472 turns).

Bnni the Carver (Formicid Hexslinger)              Turns: 10472, Time: 00:26:41

Health: -26/94     AC:  8    Str: 19    XL:     12   Next: 74%
Magic:  10/20      EV: 15    Int: 15    God:    Okawaru [*****.]
Gold:   520        SH:  0    Dex: 16    Spells: 3/22 levels left

rFire   x . .      SeeInvis +    n - +8 autumn katana {manifold assault}
rCold   + . .      Faith    .    s - orb {*Rage}
rNeg    . . .      Spirit   .    x - +3 robe of Clouds {*Thunder rCloud rElec}
rPois   .          Reflect  .    (helmet unavailable)
rElec   +          Harm     .    (no cloak)
rCorr   .          Rampage  .    t - +2 pair of gloves {Str+3}
Will    +....                    (no boots)
Stlth   +                        d - amulet of regeneration
HPRegen 1.15/turn                r - +4 ring of slaying
MPRegen 0.17/turn                A - ring of ice

@: no status effects
A: permanent stasis, dig shafts and tunnels, antennae 3, four strong arms,
talons 1, wild magic 1
a: Dig, Shaft Self, Renounce Religion, Heroism, Finesse, Duel


You were on level 11 of the Dungeon.
You worshipped Okawaru.
Okawaru was extremely pleased with you.
You visited 2 branches of the dungeon, and saw 12 of its levels.

You collected 1613 gold pieces.
You spent 1093 gold pieces at shops.

Inventory:

Hand Weapons
 n - the +8 autumn katana (weapon) {manifold assault}
   (You found it on level 3 of the Dungeon)

   It sometimes launches melee attacks against multiple visible enemies.
 B - a +0 arbalest
Missiles
 e - 18 poisoned darts
Armour
 s - an orb of wrath (worn)
 t - a +2 pair of gloves of strength (worn)
 x - the +3 robe of Clouds (worn) {*Thunder rCloud rElec}
   (You bought it in a shop on level 3 of the Dungeon)

   It occasionally creates storm clouds above nearby enemies.
   It grants its wearer immunity to clouds.
   rElec:     It insulates you from electricity.
Jewellery
 a - a ring of protection from fire
 d - an amulet of regeneration (around neck)
 i - a ring of resist corrosion
 j - a ring of positive energy
 r - a +4 ring of slaying (left hand)
 A - a ring of ice (right hand)
Wands
 c - a wand of mindburst (7)
 y - a wand of light (1)
 D - a wand of paralysis (7)
Scrolls
 b - 3 scrolls of poison
 k - 3 scrolls of enchant armour {unknown}
 o - 2 scrolls of magic mapping {unknown}
 p - a scroll of enchant weapon
 q - 8 scrolls of immolation
 u - a scroll of amnesia
 v - 2 scrolls of blinking {unknown}
 E - a scroll of vulnerability
Potions
 f - 5 potions of curing
 g - a potion of magic {unknown}
 h - 3 potions of flight
 l - 2 potions of mutation
 m - 2 potions of brilliance
 w - a potion of cancellation
 z - a potion of lignification {unknown}


   Skills:
 + Level 8.6 Fighting
 * Level 10.7 Long Blades
 - Level 3.8 Ranged Weapons
 + Level 7.1 Dodging
 + Level 5.9 Spellcasting
 + Level 9.7 Hexes
 - Level 6.0 Transmutations
 - Level 3.0 Fire Magic
 + Level 6.0 Invocations


You had 3 spell levels left.
You knew the following spells:

 Your Spells              Type           Power      Damage    Failure   Level
a - Slow                  Hex            100%       N/A       1%          1
b - Inner Flame           Hex/Fire       30%        N/A       5%          3
c - Portal Projectile     Hex/Tloc       48%        N/A       10%         3
d - Cause Fear            Hex            21%        N/A       4%          4
i - Yara's Violent Unrav  Hex/Tmut       18%        3d9       22%         5
t - Tukima's Dance        Hex            43%        N/A       1%          3

Your spell library contained the following spells:

 Spells                   Type           Power      Damage    Failure   Level
 Ensorcelled Hibernation  Hex/Ice        74%        N/A       5%          2
 Sting                    Tmut/Pois      68%        1d6       7%          1
 Passwall                 Tmut/Erth      14%        N/A       11%         2
 Poisonous Vapours        Pois/Air       10%        N/A       30%         2
 Gell's Gravitas          Tloc           5%         N/A       50%         3
 Lesser Beckoning         Tloc           10%        N/A       50%         3
 Teleport Other           Tloc           5%         N/A       50%         3
 Olgreb's Toxic Radiance  Pois           5%         N/A       88%         4
 Passage of Golubria      Tloc           5%         N/A       88%         4
 Summon Guardian Golem    Hex/Summ       Unusable   N/A       N/A         3
 Summon Small Mammal      Summ           Unusable   N/A       N/A         1
 Call Canine Familiar     Summ           Unusable   N/A       N/A         3
 Swiftness                Air            Unusable   N/A       N/A         3

Dungeon Overview and Level Annotations

Branches:
Dungeon (11/15)            Temple (1/1) D:5            Lair (0/5) D:9
    Orc (0/2) D:9

Altars:
Ashenzari
Cheibriados
Elyvilon
Fedhas
Gozag
Hepliaklqana
Kikubaaqudgha
Makhleb
Nemelex Xobeh
Okawaru
Qazlal
Ru
Sif Muna
Trog
Uskayaw
Vehumet
Wu Jian
Xom
Yredelemnul
Zin
The Shining One

Shops:
D:3 [   D:9 (*==(


Innate Abilities, Weirdness & Mutations

You cannot be hasted, slowed, berserked, paralysed or teleported.
You can dig through walls and to a lower floor.
You have a pair of large antennae on your head. (SInv)
Your four strong arms can wield two-handed weapons with a shield.
You have sharp toenails.
Your spells are a little harder to cast, but a little more powerful.


Message History

Confirm with . or Enter, or press ? or * to list all spells.
Aiming: Inner Flame (mildly dangerous; 5% risk of failure)
Press: ? - help, Dir - move target, f - orc, p - orc knight
Aim: an orc, wielding a +0 dagger and wearing a +0 ring mail (strong, chance to affect: 93%)
The orc barely resists.
Casting: Inner Flame (mildly dangerous; 5% risk of failure)
Confirm with . or Enter, or press ? or * to list all spells.
Aiming: Inner Flame (mildly dangerous; 5% risk of failure)
Press: ? - help, Dir - move target, f/p - orc
Aim: an orc, wielding a +0 dagger and wearing a +0 ring mail (strong, chance to affect: 93%)
The orc is filled with an inner flame.
Storm clouds gather above the orc.
The orc no longer looks unusually strong.
The orc knight roars a battlecry!
The orc goes into a battle-frenzy!
You hit the orc.
Flame seeps out of the orc.
You slice through the folds of space itself!
You barely miss the orc knight. You slash the orc!
You kill the orc!
You slice the orc!!
You kill the orc!
Okawaru accepts your kill.
You slash the orc!
You kill the orc!
Okawaru accepts your kill.
You claw the orc. Okawaru accepts your kill.
The orc explodes!
The fiery explosion engulfs you!!! The fire burns you terribly!
The fiery explosion engulfs the orc knight!!
Flame seeps out of the orc knight.
The orc knight is almost dead.
Storm clouds gather above the orc wizard.
The orc priest calls down the wrath of Beogh upon you.
Beogh smites you!
The orc knight is engulfed in blazing flames.
Okawaru accepts your kill.
The orc knight explodes!
The fiery explosion engulfs you!!! The fire burns you terribly!
Ouch! That really hurt!
You die...

######..###.##.......#
[............#...o...#
#####..####.##.8..)8)#
# #...#.#.##....o..# #
#.....#.###.....## #
#...#.#.# #8.oo8# #
#...#.#.# ##§§o## #
#...#.#.#####○## #
#..........§@§# #
#..##^#########
#####..##.#
.......##.#
######.##.# #....#
######


You could see an orc knight (strong), an orc priest (strong), 2 orc wizards and
an orc (strong).

Vanquished Creatures
  2 frost giants (D:11)
  Fannar (D:10)
  A yaktaur captain (D:11)
  A centaur warrior (D:11)
  2 boulder beetles (D:11)
  3 two-headed ogres (D:11)
  A flayed ghost (D:11)
  2 deep elf pyromancers (D:11)
  An orc knight (D:11)
  An oklob plant (D:7)
  A cyclops (D:11)
  2 manticores (D:11)
  A gargoyle (D:11)
  A komodo dragon (D:11)
  A kobold demonologist (D:11)
  4 trolls
  Grinder (D:3)
  Prince Ribbit (D:8)
  2 vampires
  2 wraiths
  2 wyverns
  5 yaks (D:9)
  2 acid dragons
  2 water moccasins (D:9)
  3 orc warriors
  An ice beast (D:5)
  A sky beast (D:7)
  3 centaurs
  2 phantoms
  3 kobold brigands
  2 necrophages
  6 bullfrogs
  A gnoll sergeant (D:10)
  4 scorpions
  3 hounds
  11 jellies
  5 orc priests
  5 iguanas
  16 orc wizards
  6 gnolls
  10 adders
  2 shadow imps
  An ufetubus (D:5)
  2 worms
  2 dart slugs
  63 orcs
  8 ball pythons
  8 bats
  23 endoplasms
  4 giant cockroaches
  7 goblins
  6 hobgoblins
  16 jackals
  5 quokkas
  2 frilled lizards
  15 kobolds
  6 rats
294 creatures vanquished.

Vanquished Creatures (others)
  17 fungi
  6 plants (D:9)
23 creatures vanquished.

Grand Total: 317 creatures vanquished

Notes
Turn   | Place    | Note
-------+----------+-------------------------------------------
     0 | D:1      | Bnni the Formicid Hexslinger began the quest for the Orb.
     0 | D:1      | Reached XP level 1. HP: 15/15 MP: 2/2
    26 | D:1      | Reached XP level 2. HP: 15/21 MP: 3/3
   235 | D:1      | Found a faded altar of an unknown god.
   278 | D:1      | Reached skill level 1 in Fire Magic
   399 | D:1      | Reached XP level 3. HP: 26/26 MP: 4/4
   403 | D:1      | Learned a level 3 spell: Inner Flame
   835 | D:2      | Reached XP level 4. HP: 25/32 MP: 6/6
  1351 | D:3      | Noticed Grinder
  1448 | D:3      | Found the +8 autumn katana {manifold assault}
  1665 | D:3      | Reached XP level 5. HP: 31/38 MP: 7/7
  1727 | D:3      | Found Ciz Man's Antique Armour Emporium.
  2062 | D:3      | Killed Grinder
  2063 | D:3      | Reached skill level 5 in Hexes
  2063 | D:3      | Reached XP level 6. HP: 20/46 MP: 5/9
  2063 | D:3      | Reached XP level 7. HP: 22/51 MP: 5/10
  2068 | D:3      | Learned a level 4 spell: Cause Fear
  2721 | D:4      | Reached skill level 1 in Long Blades
  2871 | D:4      | Learned a level 3 spell: Portal Projectile
  3266 | D:4      | Reached skill level 2 in Long Blades
  3457 | D:4      | Identified a scroll of acquirement
  3458 | D:4      | Acquired 869 gold pieces
  3548 | D:3      | Bought a pair of embroidered gloves for 165 gold pieces
  3548 | D:3      | Bought the +3 robe of Clouds {*Thunder rCloud rElec} for
                  | 653 gold pieces
  3548 | D:3      | Found the +3 robe of Clouds {*Thunder rCloud rElec}
  3625 | D:5      | Entered Level 5 of the Dungeon
  3807 | D:5      | Found a staircase to the Ecumenical Temple.
  3811 | D:5      | Reached XP level 8. HP: 22/58 MP: 8/12
  3957 | Temple   | Entered the Ecumenical Temple
  4139 | D:5      | Reached skill level 3 in Long Blades
  4512 | D:5      | Noticed a troll
  4557 | D:5      | Killed a troll
  4809 | D:5      | Reached skill level 4 in Long Blades
  4951 | D:6      | Reached XP level 9. HP: 48/65 MP: 13/13
  5336 | D:6      | Reached skill level 5 in Long Blades
  6022 | D:6      | Learned a level 3 spell: Tukima's Dance
  6476 | D:7      | Reached skill level 5 in Fighting
  6541 | D:7      | Reached skill level 1 in Transmutations
  6693 | D:7      | Found a hide-covered altar of Uskayaw.
  6939 | D:7      | Noticed an oklob plant
  6958 | D:7      | Reached skill level 6 in Long Blades
  6983 | D:7      | Killed an oklob plant
  6984 | D:7      | Reached XP level 10. HP: 53/76 MP: 11/14
  7224 | D:8      | Identified the +6 scale mail of the Stars {rElec rF- Regen+
                  | Int+4}
  7233 | D:8      | Noticed Prince Ribbit
  7241 | D:8      | Killed Prince Ribbit
  7248 | D:8      | You fall into a shaft and drop 2 floors!
  7248 | D:10     | Entered Level 10 of the Dungeon
  7257 | D:10     | Reached skill level 7 in Long Blades
  7325 | D:10     | Reached skill level 5 in Dodging
  7452 | D:10     | Noticed Fannar
  7486 | D:9      | Found an iron altar of Okawaru.
  7516 | D:9      | Found Cesavusm's Weapon Emporium.
  7530 | D:9      | Became a worshipper of Warmaster Okawaru
  7546 | D:9      | Found Jafiuj's Jewellery Shoppe.
  7547 | D:9      | Found an ancient bone altar of Kikubaaqudgha.
  7584 | D:9      | Found a staircase to the Lair.
  7596 | D:9      | Reached skill level 1 in Invocations
  7764 | D:9      | Found Cujibyje's General Store.
  7783 | D:9      | Found a staircase to the Orcish Mines.
  7811 | D:9      | Reached * piety under Okawaru
  7812 | D:9      | Reached skill level 8 in Long Blades
  7893 | D:9      | Found Mumusm's Jewellery Shop.
  7903 | D:9      | Bought a ring of protection from fire for 275 gold pieces
  8115 | D:9      | Found Vitwaog's Antique Weapon Shoppe.
  8130 | D:9      | Reached XP level 11. HP: 66/83 MP: 7/16
  8314 | D:9      | Gained mutation: You have sharp toenails. [potion of
                  | mutation]
  8314 | D:9      | Gained mutation: Your spells are a little harder to cast,
                  | but a little more powerful. [potion of mutation]
  8325 | D:10     | Killed Fannar
  8445 | D:10     | Reached ** piety under Okawaru
  8568 | D:10     | Reached skill level 5 in Transmutations
  8819 | D:11     | Noticed a manticore
  8822 | D:11     | Noticed a boulder beetle
  8827 | D:11     | Killed a manticore
  8834 | D:11     | Killed a boulder beetle
  8863 | D:11     | Found a runed translucent door.
  8898 | D:11     | Found the +7 staff of the Meek {protect, meekguard}
  8926 | D:11     | Noticed a manticore
  8937 | D:11     | Killed a manticore
  8938 | D:11     | Reached skill level 9 in Long Blades
  9237 | D:11     | Noticed a frost giant
  9256 | D:11     | Killed a frost giant
  9256 | D:11     | Reached *** piety under Okawaru
  9307 | D:11     | Noticed a two-headed ogre
  9308 | D:11     | Noticed a yaktaur captain
  9315 | D:11     | Killed a two-headed ogre
  9532 | D:11     | Noticed a two-headed ogre
  9535 | D:11     | Noticed a boulder beetle
  9539 | D:11     | Killed a two-headed ogre
  9540 | D:11     | Noticed a two-headed ogre
  9835 | D:11     | Killed a two-headed ogre
  9835 | D:11     | Reached **** piety under Okawaru
  9836 | D:11     | Reached skill level 5 in Spellcasting
  9836 | D:11     | Reached XP level 12. HP: 59/92 MP: 15/19
  9946 | D:11     | Noticed a frost giant
  9961 | D:11     | Killed a yaktaur captain
  9961 | D:11     | Killed a frost giant
  9962 | D:11     | Reached skill level 10 in Long Blades
  9962 | D:11     | Reached skill level 5 in Invocations
  9963 | D:11     | Noticed a flayed ghost
  9969 | D:11     | Killed a flayed ghost
 10124 | D:11     | Reached ***** piety under Okawaru
 10152 | D:11     | Noticed a centaur warrior
 10161 | D:11     | Killed a centaur warrior
 10181 | D:11     | Killed a boulder beetle
 10306 | D:11     | Learned a level 5 spell: Yara's Violent Unravelling
 10472 | D:11     | Killed by an exploding orc knight... ignited by their inner
                  | flame

Illustrated notes

Levels and vault maps discovered:
D:1:      dpeg_arrival_pits, layout_basic, ebering_ecumenical_altar_petrified
D:2:      layout_basic
D:3:      layout_basic, serial_shops, shop_statue, grunt_ministairs_11,
          uniq_grinder
D:4:      layout_loops_cross
D:5:      minmay_evil_eye, layout_basic, minmay_temple_entry_large_hall,
          corexii_hall_statues_x
D:6:      layout_cave_pods
D:7:      lemuel_slime, layout_layer_cave,
          nicolae_uskayaw_murder_on_the_dancefloor, chequers_mini_garden
D:8:      layout_basic, lemuel_crystal_altar, serial_shops,
          nicolae_stop_n_shop_2, shop, uniq_prince_ribbit1
D:9:      layout_gridville, mainiacjoe_overflow_tiny_flanked,
          mainiacjoe_overflow_concentric_impassable,
          due_lair_maze_entry_diamond, orc_0_dummy, serial_shops, shop,
          nicolae_shop_competitors_out_of_business, kennysheep_little_box,
          kennysheep_mini, nicolae_shop_crystal, special_room [special_room_orc]
D:10:     layout_rooms, grunt_decor_cap, uniq_fannar
D:11:     nicolae_hexawheel, layout_basic, hangedman_decor_points,
          lightli_church_of_beogh
Temple:   compressed_dpeg_circular_temple

Skill      XL: |  1  2  3  4  5  6  7  8  9 10 11 12 |
---------------+-------------------------------------+-----
Fire Magic     | 1 2 3 |  3.0
Hexes          | 4 5 6 7 9 |  9.7
Fighting       | 2 3 4 5 6 7 8 |  8.6
Ranged Weapons | 3 |  3.8
Spellcasting   | 2 3 5 |  5.9
Long Blades    | 2 4 6 8 9 10 | 10.7
Dodging        | 2 3 4 5 6 7 |  7.1
Transmutations | 2 4 6 |  6.0
Invocations    | 2 4 6 |  6.0

Action                   |  1- 3 |  4- 6 |  7- 9 | 10-12 || total
-------------------------+-------+-------+-------+-------++-------
Melee: Katana            |       |    47 |   244 |   219 ||   510
       Kick              |       |       |       |    52 ||    52
 Fire: Sling             |   110 |    63 |    11 |       ||   184
Throw: Dart              |       |       |     3 |    10 ||    13
 Cast: Slow              |     1 |     6 |     6 |    10 ||    23
       Inner Flame       |       |       |     5 |    10 ||    15
       Cause Fear        |       |       |     1 |     4 ||     5
Invok: Heroism           |       |       |       |     2 ||     2
       Finesse           |       |       |       |     1 ||     1
 Abil: Dig               |       |       |     1 |       ||     1
Evoke: Wand              |       |       |       |     2 ||     2
  Use: Scroll            |       |       |    10 |     3 ||    13
       Potion            |       |       |       |     8 ||     8
 Stab: Sleeping          |       |       |     3 |     2 ||     5
       Invisible         |       |       |       |     3 ||     3
Armor: Robe              |    23 |    14 |    59 |    40 ||   136
Dodge: Dodged            |    59 |    59 |   126 |   102 ||   346

Table legend: (Time is in decaauts)
 A = Elapsed time spent in this place.
 B = Non-inter-level travel time spent in this place.
 C = Inter-level travel time spent in this place.
 D = Time resting spent in this place.
 E = Time spent auto-exploring this place.
 F = Levels seen in this place.
 G = Mean time per level.
                   A        B        C        D        E       F      G
               +--------+--------+--------+--------+--------+-----+--------+
         Total |  10484 |   9995 |    489 |   1037 |   7168 |  12 |  873.7 |
       Dungeon |  10377 |   9896 |    481 |   1037 |   7084 |  11 |  943.4 |
        Temple |    106 |     98 |      8 |      0 |     84 |   1 |  106.0 |
               +--------+--------+--------+--------+--------+-----+--------+

Top non-repeatable levels by time:
    D:11: 1625 daAuts
     D:3: 1426 daAuts
     D:6: 1172 daAuts
     D:7: 1092 daAuts
     D:4: 1050 daAuts
     D:5: 939 daAuts
     D:9: 861 daAuts
     D:2: 823 daAuts
    D:10: 684 daAuts
     D:1: 669 daAuts
  Temple: 106 daAuts
     D:8: 32 daAuts
